 Dungeon Crawl Stone Soup version 0.26-a0-540-g8a0c9464d7 (webtiles) character file.

Game seed: 7050287069958089141

25 vurker the Sneak (level 3, 0/30 HPs)
             Began as a Formicid Delver on Aug 24, 2020.
             Succumbed to a worker ant's poison
             ... on level 4 of the Dungeon.
             The game lasted 00:00:45 (110 turns).

vurker the Sneak (Formicid Delver)                   Turns: 110, Time: 00:00:46

Health: 0/30       AC:  3    Str: 17    XL:     3   Next: 20%
Magic:  3/3        EV: 12    Int:  9    God:
Gold:   0          SH:  0    Dex: 12    Spells: 2/2 levels left

rFire    . . .     SeeInvis +   a - +0 hand axe
rCold    . . .     Faith    .   (no shield)
rNeg     . . .     Spirit   .   b - +0 leather armour
rPois    .         Reflect  .   (helmet unavailable)
rElec    .         Harm     .   (no cloak)
rCorr    .                      (no gloves)
MR       .....                  (no boots)
Stlth    +++.......             (no amulet)
HPRegen  0.10/turn              (no ring)
MPRegen  0.08/turn              (no ring)

@: lethally poisoned (0 -> -11)
A: permanent stasis, dig shafts and tunnels, four strong arms, antennae 3
a: Dig, Shaft Self


You were on level 4 of the Dungeon.
You visited 1 branch of the dungeon, and saw 2 of its levels.

Inventory:

Hand Weapons
 a - a +0 hand axe (weapon)
Armour
 b - a +0 leather armour (worn)
Wands
 v - a wand of digging (3)
Scrolls
 c - a scroll of fog
 d - a scroll of magic mapping
 e - a scroll of fear
 f - a scroll of identify {unknown}


   Skills:
 + Level 3.7 Fighting
 * Level 3.0 Axes
 - Level 1.7 Dodging
 - Level 6.0 Stealth


You had 2 spell levels left.
You didn't know any spells.
Your spell library was empty.

Dungeon Overview and Level Annotations

Branches:
Dungeon (5/15)
 Temple: D:4-7

Altars:


Innate Abilities, Weirdness & Mutations

You cannot be hasted, slowed, berserked, paralysed or teleported.
You can dig through walls and to a lower floor.
Your four strong arms can wield two-handed weapons with a shield.
You have a pair of large antennae on your head. (SInv)


Message History

The worker ant poisons you! The orc misses you.
You retract your mandibles.
You feel sick.
You extend your mandibles.
You dig through the rock wall.
You feel sick.
You dig through the rock wall.
You feel sick. The worker ant bites you.
You are lethally poisoned!
The worker ant poisons you!
You retract your mandibles.
You closely miss the worker ant.
You feel sick.
The worker ant bites you but does no damage.
You hit the worker ant.
* * * LOW HITPOINT WARNING * * *
You feel sick. The worker ant bites you.
* * * LOW HITPOINT WARNING * * *
You are more poisoned.
The worker ant poisons you! The worker ant closely misses you.
You hit the worker ant.
* * * LOW HITPOINT WARNING * * *
You feel sick. The worker ant barely misses you.
Unknown command.
You are too injured to fight recklessly!
You hit the worker ant.
* * * LOW HITPOINT WARNING * * *
You feel sick. The worker ant barely misses you.
You hit the worker ant.
You kill the worker ant!
Your Axes skill increases to level 3!
You have reached level 2!
You have reached level 3!
Your experience leads to an increase in your attributes!
Increase (S)trength, (I)ntelligence, or (D)exterity?
You feel stronger.
* * * LOW HITPOINT WARNING * * *
You feel sick.
You hit the orc.
* * * LOW HITPOINT WARNING * * *
You feel sick. The orc closely misses you.
You hit the orc but do no damage.
* * * LOW HITPOINT WARNING * * *
You feel sick. The orc misses you.
You barely miss the orc.
* * * LOW HITPOINT WARNING * * *
You feel sick. The orc barely misses you.
You hit the orc.
You kill the orc!
* * * LOW HITPOINT WARNING * * *
You feel sick.
You aren't carrying any potions.
You extend your mandibles.
You dig through the rock wall.
You die...

.....# ...a####
......# ...#.#
. #..#.# ..
#..#.## #..
#..#.)## #...
#..#.#.## #....
#..o.##@#
#.....#..#.####
..[......#.#
.........#.#
.......#.#.#
#.....##.#.#
...... ....#
#.#.#? #####
#.#... {


There were no monsters in sight!

Vanquished Creatures
  A worker ant (D:4)
  An orc (D:4)
  A giant cockroach (D:5)
3 creatures vanquished.

Notes
Turn   | Place    | Note
-------+----------+-------------------------------------------
     0 | D:5      | vurker the Formicid Delver began the quest for the Orb.
     0 | D:5      | Reached XP level 1. HP: 18/18 MP: 1/1
    31 | D:5      | Noticed an orc wizard
    48 | D:5      | Noticed a worker ant
    88 | D:4      | Noticed a worker ant
    93 | D:4      | Noticed a worker ant
   105 | D:4      | Killed a worker ant
   105 | D:4      | Reached XP level 2. HP: 6/25 MP: 2/2
   105 | D:4      | Reached XP level 3. HP: 7/30 MP: 3/3
   108 | D:4      | HP: 1/30 [poisoned by a worker ant]
   110 | D:4      | Succumbed to a worker ant's poison

Illustrated notes

Levels and vault maps discovered:
D:4:      layout_loops_ring, overflow_temple_1_default,
          minmay_temple_entry_antechambers
D:5:      layout_loops_ring, serial_shops, shop_fountains

Skill      XL: |  1 |
---------------+----+-----
Axes           | 3 |  3.0
Fighting       | |  3.7
Dodging        | |  1.7
Stealth        | |  6.0

Action                   || total
-------------------------++-------
Melee: Hand axe          ||    17
 Abil: Dig               ||     3
Armor: Leather armour    ||     5
Dodge: Dodged            ||    12

Table legend: (Time is in decaauts)
 A = Elapsed time spent in this place.
 B = Non-inter-level travel time spent in this place.
 C = Inter-level travel time spent in this place.
 D = Time resting spent in this place.
 E = Time spent auto-exploring this place.
 F = Levels seen in this place.
 G = Mean time per level.
                   A        B        C        D        E       F      G
               +--------+--------+--------+--------+--------+-----+--------+
         Total |    113 |    113 |      0 |      0 |     19 |   2 |   56.5 |
       Dungeon |    113 |    113 |      0 |      0 |     19 |   2 |   56.5 |
               +--------+--------+--------+--------+--------+-----+--------+

Top non-repeatable levels by time:
     D:5: 89 daAuts
     D:4: 24 daAuts
